 Dungeon Sprint DCSS version 0.31-a0-18-gea43df2a32 (webtiles) character file.

Game seed: 14068826554147114160

438 sircluck the Grappler (level 6, -5/106 HPs)
             Began as a Troll Berserker on May 10, 2023.
             Was a Believer of Trog.
             Slain by a centaur warrior (11 damage)
             ... in the Dungeon (Sprint I: "Red Sonja").
             The game lasted 00:01:04 (178 turns).

sircluck the Grappler (Troll Berserker)              Turns: 178, Time: 00:01:04

Health: -5/106     AC:  6    Str: 28    XL:     6   Next: 69%
Magic:  5/5        EV: 11    Int:  3    God:    Trog [**....]
Gold:   23         SH:  0    Dex:  9    Spells: 5/5 levels left

rFire   + .          .
                       - Unarmed
rCold   . . .        (no shield)
rNeg    . . .        a - +0 animal skin
rPois   +            (helmet restricted)
rElec   .            j - +1 cloak "Pytaoc" {-Tele rPois rF+}
rCorr   .            (gloves unavailable)
SInv    .            (boots unavailable)
Will    .....        (no amulet) Stlth
                     (no ring)
HPRegen 1.17/turn    (no ring)
MPRegen 0.09/turn

%: no teleportation
@: berserking, very quick
A: large, unfitting armour, claws 3, regeneration 1, shaggy fur 1, tough skin 1
a: Renounce Religion, Berserk, Trog's Hand


You were in the Dungeon.
You worshipped Trog.
Trog was pleased with you.
You visited 1 branch You collected 312 gold pieces.
You spent 289 gold pieces at shops.

Inventory:

Armour
 a - a +0 animal skin (worn)
 j - the +1 cloak "Pytaoc" (worn) {-Tele rPois rF+}
   (You bought it in a shop in the Dungeon)

   rF:        It protects you from fire.
   rPois:     It protects you from poison.
   -Tele:     It prevents most forms of teleportation.
Wands
 h - a wand of iceblast (2)
Scrolls
 g - a scroll of blinking
Potions
 b - a potion of curing
 d - a potion of haste
 e - 2 potions of magic
 f - a potion of berserk rage
 i - 2 potions of mutation {unknown}


   Skills:
 + Level 7.1 Fighting
 + Level 7.5 Dodging
 + Level 9.1 Unarmed Combat
 + Level 0.4 Evocations


You had 5 spell levels left.
You didn't know any spells.
Your spell library was empty.

Dungeon Overview and Level Annotations

Branches:
Dungeon (1/1)

Altars:
Cheibriados
Dithmenos
Elyvilon
Fedhas
Gozag
Hepliaklqana
Kikubaaqudgha
Nemelex Xobeh
Okawaru
Qazlal
Ru
Sif Muna
Trog
Uskayaw
Vehumet
Wu Jian
Yredelemnul
Zin
The Shining One

Shops:
D [


Innate Abilities, Weirdness & Mutations

You are too large for most types of armour.
You have claws for hands.
Your natural rate of healing is unusually fast.
You are covered in fur. (AC +1)
You have tough skin. (AC +1)


Message History

Aiming: Iceblast
Press: ? - help, Q - select action, (/) - cycle Shift-Dir - straight line, f - centaur warrior
Aim: a centaur warrior The mass of ice explodes!
The iceblast engulfs the centaur warrior!
The centaur warrior is moderately wounded.
The iceblast engulfs the centaur warrior!
The centaur warrior is moderately wounded.
The centaur warrior wields a +0 shortbow.
The centaur warrior shoots an arrow.
The arrow barely misses you.
The centaur warrior shoots an arrow.
The arrow hits you! The arrow freezes you.
Unknown command.
Press < or > to pray at altars.
Aiming: Iceblast
Press: ? - help, Q - select action, (/) - cycle Shift-Dir - straight line, f/p - centaur warrior
Aim: a centaur warrior, wielding a +0 shortbow (purple smoke, moderately wounded)
The mass of ice explodes!
The iceblast engulfs the centaur warrior!!
The centaur warrior is heavily wounded.
The iceblast engulfs the centaur warrior!
The centaur warrior is severely wounded.
A red film seems to cover your vision as you go berserk!
You feel yourself moving faster!
You feel mighty!
The centaur warrior shoots an arrow.
The arrow hits you!!
* * * LOW HITPOINT WARNING * * *
The arrow freezes you!
* * * LOW HITPOINT WARNING * * *
Unknown command.
Press < or > to pray at altars.
You mangle the centaur warrior!!
The centaur warrior is almost dead.
The centaur warrior unwields a +0 shortbow.
The centaur warrior hits you but does no damage.
The centaur warrior kicks you but does no damage.
The centaur warrior shoots an arrow.
The arrow barely misses you.
You closely miss the centaur warrior.
The centaur warrior is almost dead.
The centaur warrior shoots an arrow.
The arrow closely misses you. The centaur warrior hits you!
You die...

################
#<.#..)..#..'..#
#..').#..').#..+
#..#####'#####'# #
#..####..#...#)# ##§!#
#..#__####..##.#~~§§.#
#..#_____##'#@.c~~§§§+
#⌠⌠#_.∩...†..c_#~~§§§#
####_..__##_.#'# +####
#_____###+#[# #######
###


You could see 2 centaur warriors.

Vanquished Creatures
  Sigmund (D)
  A yak (D)
  An ogre (D)
  A jelly (D)
  Ijyb (D)
5 creatures vanquished.

Notes
Turn   | Place    | Note
-------+----------+-------------------------------------------
     0 | D        | sircluck the Troll Berserker began the quest for the Orb.
     0 | D        | Reached XP level 1. HP: 22/22 MP: 0/0
     1 | D        | Noticed Ijyb
    14 | D        | Killed Ijyb
    15 | D        | Reached skill level 4 in Unarmed Combat
    15 | D        | Reached XP level 2. HP: 21/31 MP: 1/1
    25 | D        | Noticed an ogre
    31 | D        | Killed an ogre
    32 | D        | Reached skill level 5 in Dodging
    32 | D        | Reached skill level 6 in Unarmed Combat
    32 | D        | Reached XP level 3. HP: 21/41 MP: 2/2
    32 | D        | Reached XP level 4. HP: 26/49 MP: 3/3
    65 | D        | Noticed Sigmund
    73 | D        | Killed Sigmund
    73 | D        | Reached ** piety under Trog
    74 | D        | Reached skill level 7 in Unarmed Combat
    74 | D        | Reached XP level 5. HP: 57/59 MP: 4/4
    74 | D        | Reached XP level 6. HP: 65/67 MP: 5/5
    90 | D        | Found an ornate altar of the Wu Jian Council.
    90 | D        | Found a shimmering blue altar of Sif Muna.
    92 | D        | Found a radiant altar of Vehumet.
    95 | D        | Reached skill level 8 in Unarmed Combat
    97 | D        | Noticed a centaur warrior
   112 | D        | Found Fuewe's Armour Emporium.
   112 | D        | Found an ancient bone altar of Kikubaaqudgha.
   112 | D        | Found a hazy altar of Hepliaklqana.
   112 | D        | Found a stormy altar of Qazlal.
   112 | D        | Found a hide-covered altar of Uskayaw.
   112 | D        | Found a blossoming altar of Fedhas.
   112 | D        | Found a bloodstained altar of Trog.
   112 | D        | Found an iron altar of Okawaru.
   112 | D        | Found a basalt altar of Yredelemnul.
   112 | D        | Found a glowing golden altar of the Shining One.
   112 | D        | Found a snail-covered altar of Cheibriados.
   112 | D        | Found a sacrificial altar of Ru.
   112 | D        | Found a glowing silver altar of Zin.
   112 | D        | Found a shadowy altar of Dithmenos.
   112 | D        | Found a white marble altar of Elyvilon.
   112 | D        | Noticed a yak
   128 | D        | Found an opulent altar of Gozag.
   135 | D        | Killed a yak
   136 | D        | Reached skill level 9 in Unarmed Combat
   152 | D        | Found a sparkling altar of Nemelex Xobeh.
   156 | D        | Bought the +1 cloak "Pytaoc" {-Tele rPois rF+} for 289 gold
                  | pieces
   169 | D        | Noticed a centaur warrior
   176 | D        | HP: 4/106 [centaur warrior/arrow (12)]
   178 | D        | Slain by a centaur warrior

Illustrated notes

Levels and vault maps discovered:
D:        dungeon_sprint_1 [red_sonja_temple_1, red_sonja_temple_small_1]

Skill      XL: |  1  2  3  4  5  6 |
---------------+-------------------+-----
Fighting       | 3 4 6 7 |  7.1
Dodging        | 3 5 6 7 |  7.5
Unarmed Combat | 4 6 7 9 |  9.1
Evocations     | |  0.4

Action                     |  1- 3 |  4- 6 || total
---------------------------+-------+-------++-------
  Melee: Unarmed           |    14 |    16 ||    30
         Punch             |     1 |       ||     1
 Invoke: Berserk           |       |     1 ||     1
  Evoke: Wand              |     1 |     3 ||     4
    Use: Potion            |       |     1 ||     1
 Armour: Animal skin       |     3 |     4 ||     7
  Dodge: Dodged            |     6 |     8 ||    14

Table legend: (Time is in decaauts)
 A = Elapsed time spent in this place.
 B = Non-inter-level travel time spent in this place.
 C = Inter-level travel time spent in this place.
 D = Time resting spent in this place.
 E = Time spent auto-exploring this place.
 F = Levels seen in this place.
 G = Mean time per level.
                   A        B        C        D        E       F      G
               +--------+--------+--------+--------+--------+-----+--------+
         Total |    174 |    174 |      0 |      8 |     88 |   1 |  174.0 |
       Dungeon |    174 |    174 |      0 |      8 |     88 |   1 |  174.0 |
               +--------+--------+--------+--------+--------+-----+--------+

Top non-repeatable levels by time:
       D: 174 daAuts
